[Event "ESTCC U65 2018"]
[Site "Walbrzych"]
[Date "2018.04.14"]
[Round "1"]
[White "Buchal, Stephan"]
[Black "Just, Joachim"]
[Result "1-0"]
[ECO "B06"]
[WhiteElo "2310"]
[BlackElo "1928"]
[Annotator "NA"]
[PlyCount "73"]
[EventDate "2018.??.??"]
[EventCountry "POL"]
[SourceTitle "playchess.com"]
[Source "ChessBase"]
[SourceQuality "1"]
[WhiteTeam "Germany"]
[BlackTeam "Germany"]
[WhiteTeamCountry "GER"]
[BlackTeamCountry "GER"]
[TimeControl "40/5400+30:1800+30"]

1. e4 g6 2. d4 Bg7 3. Nf3 c6 4. Bd3 d5 5. e5 Bg4 6. Nbd2 Nd7 {[%emt 0:00:57] B06: Modern Defence} 7. h3 Bxf3 8. Nxf3 e6 9. O-O Qb6 $146 ({Predecessor:} 9... Ne7 10. c3 c5 11. Rb1 Nc6 12. b4 c4 13. Bc2 b5 14. a4 a6 15. Ra1 Na7 16. Bg5 {1-0 (46) Hansen,S (2549)-Argandona Riveiro,I (2388) Helsingor 2013}) 10. a4 Ne7 11. a5 Qc7 12. b3 a6 13. b4 Nf5 14. Bf4 Bf8 15. c3 h6 16. Qd2 Qd8 17. g4 Nh4 18. Nxh4 Qxh4 19. Kg2 Qe7 20. Bg3 h5 21. f4 Bh6 22. Qe2 h4 23. Bh2 Nf8 24. Kh1 Rg8 25. Rf3 Kd7 26. Raf1 Kc7 27. f5 gxf5 28. gxf5 Nd7 29. fxe6 fxe6 30. Rf7 Qg5 31. Bf4 Raf8 32. Bxg5 Rxf7 33. Rxf7 $18 Rxg5 34. Rh7 Bf8 35. Qf2 Rg3 36. Qxf8 Rxh3+ 37. Kg2 1-0

[Event "ESTCC U65 2018"]
[Site "Walbrzych"]
[Date "2018.04.14"]
[Round "1"]
[White "Pushkov, Nikolai"]
[Black "Mortensen, Steen Juul"]
[Result "1-0"]
[ECO "E94"]
[WhiteElo "2304"]
[BlackElo "1940"]
[Annotator "ChessBase"]
[PlyCount "55"]
[EventDate "2018.??.??"]
[EventCountry "POL"]
[SourceTitle "playchess.com"]
[Source "ChessBase"]
[SourceQuality "1"]
[WhiteTeam "Russia"]
[BlackTeam "Denmark"]
[WhiteTeamCountry "RUS"]
[BlackTeamCountry "DEN"]
[TimeControl "40/5400+30:1800+30"]

1. d4 Nf6 2. c4 g6 3. Nc3 Bg7 4. e4 d6 5. Nf3 O-O 6. Be2 e5 7. O-O exd4 8. Nxd4 Re8 9. f3 Nc6 10. Bg5 h6 11. Be3 Bd7 12. Qd2 Nxd4 13. Bxd4 Bc6 14. Rad1 b6 15. Nd5 Kh7 16. Rfe1 Bb7 17. Qc3 Re6 18. Bf1 c5 19. Bxf6 Bxf6 20. Nxf6+ Qxf6 21. Qxf6 Rxf6 22. Rd2 Re6 23. Red1 Rd8 24. g3 f5 25. Bh3 Rf6 26. e5 Re6 27. f4 Kg7 28. Bg2 1-0

[Event "ESTCC U65 2018"]
[Site "Walbrzych"]
[Date "2018.04.14"]
[Round "1"]
[White "Kierzek, Matthias"]
[Black "Baumbach, Friedrich"]
[Result "1-0"]
[ECO "D37"]
[WhiteElo "2272"]
[BlackElo "2172"]
[Annotator "NA"]
[PlyCount "45"]
[EventDate "2018.??.??"]
[EventCountry "POL"]
[SourceTitle "playchess.com"]
[Source "ChessBase"]
[SourceQuality "1"]
[WhiteTeam "Germany"]
[BlackTeam "Germany"]
[WhiteTeamCountry "GER"]
[BlackTeamCountry "GER"]
[TimeControl "40/5400+30:1800+30"]

1. d4 d5 2. c4 e6 3. Nc3 Nf6 4. Nf3 Be7 5. Bf4 O-O 6. e3 Nbd7 7. c5 c6 8. h3 b6 {[%emt 0:07:47] D37: Queen's Gambit Declined: 5 Bf4} 9. b4 a5 10. a3 Bb7 (10... h6 11. Bd3 Ba6 12. O-O Qc8 13. Qc2 Bxd3 14. Qxd3 Qb7 {½-½ (44) Nakamura,H (2780)-Topalov,V (2749) Saint Louis 2017}) 11. Bd3 Qc8 12. O-O Ba6 13. Na4 Bb5 $146 ({Find the theoretical novelty and annotate with similar games:} 13... Bxd3 14. Qxd3 b5 15. Nc3 Qb7 16. Nd2 axb4 17. axb4 Rxa1 18. Rxa1 {½-½ (71) Tregubov,P (2598)-Haznedaroglu,K (2440) Aix les Bains 2011}) 14. Bxb5 cxb5 15. Nc3 bxc5 16. dxc5 Nxc5 17. bxc5 Qxc5 18. Qd3 Nh5 19. Nxb5 Nxf4 20. exf4 a4 21. Ne5 Rfb8 22. Rfc1 Qxb5 {[%emt 0:06:37] [#]} 23. Rc8+ $18 1-0

[Event "ESTCC U65 2018"]
[Site "Walbrzych"]
[Date "2018.04.14"]
[Round "1"]
[White "Hurme, Harri"]
[Black "Rantanen, Veikko"]
[Result "0-1"]
[ECO "D91"]
[WhiteElo "2229"]
[BlackElo "2007"]
[Annotator "NA"]
[PlyCount "94"]
[EventDate "2018.??.??"]
[EventCountry "POL"]
[SourceTitle "playchess.com"]
[Source "ChessBase"]
[SourceQuality "1"]
[WhiteTeam "Finland"]
[BlackTeam "Finland"]
[WhiteTeamCountry "FIN"]
[BlackTeamCountry "FIN"]
[TimeControl "40/5400+30:1800+30"]

1. d4 Nf6 2. c4 g6 3. Nc3 d5 4. Nf3 Bg7 5. Bg5 c6 6. e3 O-O 7. h3 {[%emt 0:05:55] D91: Grünfeld: 4 Nf3 Bg7 5 Bg5} (7. Qb3 dxc4 8. Bxc4 Nbd7 9. O-O Nb6 10. Be2 Be6 11. Qc2 h6 12. Bh4 Bf5 13. e4 Bg4 14. Rad1 Nh5 15. h3 Be6 16. Rfe1 {1-0 (46) Mamedyarov,S (2753)-Safarli,E (2660) Khanty-Mansiysk 2013}) 7... Nbd7 8. cxd5 cxd5 9. Be2 b6 10. O-O Bb7 11. Qa4 $146 ({Predecessor:} 11. Rc1 Ne4 12. Bf4 Nxc3 13. Rxc3 Rc8 14. Qa4 Rxc3 15. bxc3 {1-0 (30) Skembris,S (2505)-Stathakis,I (2100) Ano Liosia 1996}) 11... Ne4 12. Bf4 Nxc3 13. bxc3 a6 14. c4 dxc4 15. Qxc4 Rc8 16. Qb3 Bxf3 17. gxf3 e5 18. Bg3 exd4 19. Rad1 Nc5 20. Qa3 Qe7 21. exd4 Qxe2 22. dxc5 bxc5 23. Rd6 c4 24. Qxa6 Ra8 25. Qb7 Qxa2 26. Rc6 c3 27. Kg2 Qb2 28. Qc7 Qc2 29. Re1 Qf5 30. Rc5 Rac8 31. Rxf5 $17 Rxc7 32. Bxc7 gxf5 33. Bf4 Rc8 34. Kf1 Bf6 35. Ke2 Re8+ 36. Kf1 Rxe1+ 37. Kxe1 Kg7 38. Kd1 Kg6 39. Kc2 Kh5 40. Bg3 Kg5 41. f4+ Kh5 42. f3 Bh4 43. Bh2 Bf2 44. Kxc3 Kh4 45. Kc4 Kxh3 46. Kd5 h5 47. Ke5 Kxh2 0-1

[Event "ESTCC U65 2018"]
[Site "Walbrzych"]
[Date "2018.04.14"]
[Round "1"]
[White "Hedin, Gunnar"]
[Black "Gustavsson, Bo"]
[Result "1/2-1/2"]
[ECO "A14"]
[WhiteElo "2174"]
[BlackElo "1915"]
[Annotator "NA"]
[PlyCount "97"]
[EventDate "2018.??.??"]
[EventCountry "POL"]
[SourceTitle "playchess.com"]
[Source "ChessBase"]
[SourceQuality "1"]
[WhiteTeam "Sweden"]
[BlackTeam "Sweden"]
[WhiteTeamCountry "SWE"]
[BlackTeamCountry "SWE"]
[TimeControl "40/5400+30:1800+30"]

1. c4 c5 2. Nc3 Nc6 3. g3 Nf6 4. Bg2 e6 5. Nf3 d5 6. cxd5 Nxd5 7. O-O Be7 8. Nxd5 Qxd5 9. d3 Qd7 {[%emt 0:01:44] A34: Symmetrical English: 2 Nc3, lines with ...d5} (9... O-O 10. Be3 Qd8 11. Rc1 Qa5 12. Qb3 Nb4 13. Nd2 Nd5 14. Bxd5 exd5 15. Qxd5 Rd8 16. Qe4 Bf8 17. a3 Qb5 18. b3 Be6 {½-½ (119) Kokarev,D (2615)-Abdyjapar,A (2382) Riadh 2017}) 10. Be3 O-O 11. Rc1 Nd4 12. Nxd4 $146 ({Predecessor:} 12. Bxd4 cxd4 13. Rc4 Bf6 14. Qc2 Rb8 15. Rc1 a6 16. Rc7 Qd8 17. Qc5 {½-½ (34) Fominyh,E (2263)-Kornienko,S (2184) Novosibirsk 2001}) 12... cxd4 13. Bf4 Bd6 14. Bxd6 Qxd6 15. Qc2 Qb6 16. Qc7 Qxb2 17. Rc2 Qb6 18. Qe7 Qd8 19. Rc7 Qxe7 20. Rxe7 Rb8 21. Rc1 g6 22. Rcc7 Kg7 23. f4 a5 24. Kf2 b5 25. Bc6 Ba6 26. Ra7 Rb6 27. Be8 Rb7 28. Rexb7 Bxb7 29. Bxb5 Bd5 30. Rxa5 Rc8 31. Ra7 h5 32. a4 Kf6 33. e4 dxe3+ (33... Bb3 $16 {was called for.}) 34. Kxe3 Rc2 $18 (34... e5 $16 35. Ra6+ Be6) 35. Be8 e5 36. fxe5+ Kxe5 37. Bxf7 Bxf7 38. Rxf7 Rxh2 39. Rb7 Rh3 40. Rb5+ Kf6 41. Kf2 h4 42. gxh4 Rxd3 43. a5 Rh3 44. Rb4 Ra3 45. Rb6+ Kf5 46. a6 Ra4 47. Kg3 Ra3+ 48. Kf2 Ra4 49. Kg3 1/2-1/2

[Event "ESTCC U65 2018"]
[Site "Walbrzych"]
[Date "2018.04.14"]
[Round "1"]
[White "Sorensen, Bent"]
[Black "Grahn, Lars"]
[Result "1/2-1/2"]
[ECO "A04"]
[WhiteElo "2158"]
[BlackElo "1949"]
[Annotator "NA"]
[PlyCount "71"]
[EventDate "2018.??.??"]
[EventCountry "POL"]
[SourceTitle "playchess.com"]
[Source "ChessBase"]
[SourceQuality "1"]
[WhiteTeam "Denmark"]
[BlackTeam "Sweden"]
[WhiteTeamCountry "DEN"]
[BlackTeamCountry "SWE"]
[TimeControl "40/5400+30:1800+30"]

1. Nf3 f5 2. b3 Nf6 3. Bb2 d6 4. d4 g6 5. e3 Bg7 6. Bc4 {[%emt 0:01:00] A80: Dutch Defence: Unusual White second moves} (6. Be2 O-O 7. O-O e6 8. c4 Qe7 9. Nc3 b6 10. Qc2 Bb7 11. Rfd1 Nbd7 12. b4 Ne4 13. d5 Nxc3 14. Bxc3 Bxc3 15. Qxc3 {1-0 (42) Shankland,S (2671)-Shabalov,A (2561) Greensboro 2017}) 6... e6 7. O-O O-O 8. Nbd2 d5 9. Bd3 Nbd7 10. c4 c6 11. Qe2 $146 ({Predecessor:} 11. Ng5 Re8 12. f4 h6 13. Nh3 {1-0 (30) Blom,E-Skarding,J Stavanger 2005}) 11... Ne4 12. Rfd1 g5 13. Rac1 g4 14. Ne5 Nxe5 15. dxe5 Nxd2 16. Qxd2 Qc7 17. Qc3 Qf7 18. g3 Bd7 19. Bf1 $14 Rfd8 20. b4 Rac8 21. Bg2 h5 22. Qa3 a6 23. Qa5 Be8 24. Bd4 Bd7 25. Bb6 Re8 26. Bc7 Ra8 27. Qb6 Bc8 28. Bd6 Bf8 29. b5 axb5 30. cxb5 Bxd6 31. exd6 Bd7 32. Rd2 Rab8 33. Qd4 Qg7 34. Qf4 Rec8 35. Bf1 c5 36. f3 1/2-1/2

[Event "ESTCC U65 2018"]
[Site "Walbrzych"]
[Date "2018.04.14"]
[Round "1"]
[White "Holst, Per"]
[Black "Lundgren, Ulf"]
[Result "1-0"]
[ECO "D02"]
[WhiteElo "2140"]
[BlackElo "1989"]
[Annotator "NA"]
[PlyCount "139"]
[EventDate "2018.??.??"]
[EventCountry "POL"]
[SourceTitle "playchess.com"]
[Source "ChessBase"]
[SourceQuality "1"]
[WhiteTeam "Denmark"]
[BlackTeam "Sweden"]
[WhiteTeamCountry "DEN"]
[BlackTeamCountry "SWE"]
[TimeControl "40/5400+30:1800+30"]

1. d4 d5 2. Nf3 Nf6 3. c4 c6 4. Qb3 g6 5. g3 Bg7 6. Bg2 dxc4 7. Qxc4 Be6 8. Qc2 Bf5 9. Qb3 Qb6 10. Nbd2 Ne4 11. Nc4 Qxb3 12. axb3 Na6 13. O-O O-O 14. Na5 Bc8 $1 15. Bf4 Nb4 16. Ne5 f5 17. Rfd1 Nd5 18. Bc1 $11 Rd8 19. e3 Kf8 20. Nd3 Rd6 21. b4 b6 22. Nc4 Rd8 23. f3 Nd6 24. Nce5 Bb7 25. Bd2 Nf7 26. Nc4 Nd6 27. b3 Nb5 28. Nce5 Rac8 29. Bf1 Ndc7 30. h4 Rd5 31. Nf4 Rd6 32. Nc4 Rd7 33. Kf2 Rcd8 34. Nd3 Rd5 35. Rac1 Ke8 36. Be2 Ne6 37. Rh1 h5 38. Nf4 Nxf4 39. gxf4 Nc7 40. Ne5 R5d6 41. Ra1 a6 42. Rag1 c5 43. bxc5 bxc5 44. Ba5 Bxe5 45. Bxc7 Bf6 46. dxc5 Rc6 47. Bxd8 Kxd8 48. b4 Ke8 49. Rc1 Kf7 50. Bc4+ e6 51. b5 axb5 52. Bxb5 Rc7 53. Kg3 Bc6 54. Rb1 Be7 55. Rhc1 Kf6 56. Bxc6 Rxc6 57. Rb5 Kf7 58. Kg2 Kf6 59. Kf2 Kf7 60. Ke2 Bxh4 61. Rb6 Rc7 62. c6 Bd8 63. Rb8 Be7 64. Rb7 Rc8 65. Ra1 Ke8 66. Raa7 Bc5 67. Rc7 Rd8 68. Rab7 Bf8 69. Rh7 Ra8 70. c7 1-0

[Event "ESTCC U65 2018"]
[Site "Walbrzych"]
[Date "2018.04.14"]
[Round "1"]
[White "Hammar, Bengt"]
[Black "Dalling, Peter"]
[Result "1-0"]
[ECO "C42"]
[WhiteElo "2133"]
[BlackElo "1844"]
[Annotator "NA"]
[PlyCount "51"]
[EventDate "2018.??.??"]
[EventCountry "POL"]
[SourceTitle "playchess.com"]
[Source "ChessBase"]
[SourceQuality "1"]
[WhiteTeam "Sweden"]
[BlackTeam "Sweden"]
[WhiteTeamCountry "SWE"]
[BlackTeamCountry "SWE"]
[TimeControl "40/5400+30:1800+30"]

1. e4 e5 2. Nf3 Nf6 3. Nxe5 Nc6 4. Nxc6 dxc6 5. d3 {[%emt 0:00:42] C42: Petroff Defence: 3 Nxe5 and unusual White 3rd moves} (5. e5 Ne4 6. d4 Be6 7. c3 c5 8. Bd3 f5 9. O-O cxd4 10. cxd4 c6 11. Be3 Qh4 12. f3 Ng5 {1-0 (24) Nestorovic,N (2393)-Nikolic,M (2280) Belgrade 2008}) 5... Bc5 6. Be2 Be6 7. c3 Qe7 8. d4 O-O-O 9. Nd2 Bb6 10. O-O $146 ({Predecessor:} 10. a4 a6 11. b3 h5 12. Ba3 Qe8 {1-0 (28) Rey Saravia,F-Holms,L Argentina 1993}) 10... h5 11. a4 a5 12. Re1 Ng4 13. Nf3 c5 14. d5 c4 15. Rf1 c6 16. Bxc4 cxd5 17. Bxd5 Bxd5 18. exd5 Qd6 19. Qb3 Bc7 20. g3 Qf6 21. c4 Rde8 22. c5 Re2 23. d6 Bb8 24. Bg5 $18 Qg6 25. Rad1 f6 26. Qb6 1-0

[Event "ESTCC U65 2018"]
[Site "Walbrzych"]
[Date "2018.04.14"]
[Round "1"]
[White "Scrimgour, Alan"]
[Black "Patola, Eero"]
[Result "1-0"]
[ECO "B01"]
[WhiteElo "2083"]
[BlackElo "1823"]
[Annotator "NA"]
[PlyCount "69"]
[EventDate "2018.??.??"]
[EventCountry "POL"]
[SourceTitle "playchess.com"]
[Source "ChessBase"]
[SourceQuality "1"]
[WhiteTeam "Scotland"]
[BlackTeam "Finland"]
[WhiteTeamCountry "SCO"]
[BlackTeamCountry "FIN"]
[TimeControl "40/5400+30:1800+30"]

1. e4 d5 2. exd5 Nf6 3. d4 Nxd5 4. Nf3 Bf5 5. Be2 e6 6. O-O Be7 7. c4 Nf6 8. Qb3 Qc8 9. Nc3 O-O 10. h3 h6 11. Be3 c6 12. Rac1 Nbd7 13. Rfd1 Rd8 14. Bf4 Nf8 15. d5 Bd6 16. Bxd6 Rxd6 17. c5 Rxd5 18. Nxd5 Nxd5 19. Nd4 Bg6 20. Bf3 Nd7 21. Bxd5 exd5 22. Re1 Kf8 23. Qe3 Qd8 24. b4 Nf6 25. f3 Qd7 26. g4 a6 27. Qf4 Rd8 28. Re3 Re8 29. Rce1 Rxe3 30. Rxe3 Kg8 31. Qd6 Qxd6 32. cxd6 Kf8 33. Re7 Ne8 34. Rd7 Bd3 35. Rd8 1-0

[Event "ESTCC U65 2018"]
[Site "Walbrzych"]
[Date "2018.04.14"]
[Round "1"]
[White "Hohler, Peter"]
[Black "Lehtosaari, Kalevi"]
[Result "1-0"]
[ECO "D11"]
[WhiteElo "2076"]
[BlackElo "1964"]
[Annotator "NA"]
[PlyCount "101"]
[EventDate "2018.??.??"]
[EventCountry "POL"]
[SourceTitle "playchess.com"]
[Source "ChessBase"]
[SourceQuality "1"]
[WhiteTeam "Switzerland"]
[BlackTeam "Finland"]
[WhiteTeamCountry "SUI"]
[BlackTeamCountry "FIN"]
[TimeControl "40/5400+30:1800+30"]

1. d4 d5 2. c4 c6 3. Nf3 g6 4. Bf4 Bg7 5. e3 Nf6 6. h3 O-O 7. Nc3 Nbd7 8. Bd3 Re8 9. O-O Nh5 {[%emt 0:04:56] D93: Grünfeld: 4 Nf3 Bg7 5 Bf4 0-0 6 e3} (9... dxc4 10. Bxc4 e6 11. e4 Nb6 12. Bb3 Nfd7 13. Rc1 Qe7 14. e5 Nd5 15. Bg5 Nxc3 16. bxc3 Qa3 17. Nd2 {1-0 (40) Plischki,S (2374)-Fiala,V (2161) Brno 2010}) 10. Bh2 Nb6 $146 ({Predecessor:} 10... e5 11. cxd5 cxd5 12. Nxd5 e4 13. Bc7 exf3 14. Bxd8 fxg2 15. Kxg2 Rxd8 16. Rc1 Bf8 17. Qf3 {1-0 (35) Ruboczki,T (2006)-Beres,I (1744) Hungary 2015}) 11. cxd5 Nxd5 12. Nxd5 Qxd5 13. Qe2 Be6 14. Rfc1 Bf6 15. g4 Qd7 16. gxh5 Bxh3 17. Ne5 Bxe5 18. Bxe5 Bg4 19. f3 Bxh5 20. Kf2 f6 21. Bg3 e5 22. dxe5 fxe5 23. Rd1 Qe7 24. Be4 Rf8 25. Kg2 Rf7 $18 26. Rf1 Raf8 27. Qc4 Kg7 28. Qc3 Re8 29. f4 Kg8 30. fxe5 Be2 31. Rxf7 Qxf7 32. Qd2 Bg4 33. Qf2 Qe6 34. Bc2 Qe7 35. Rf1 Be6 36. Bb3 Bxb3 37. axb3 Qe6 38. Qc2 b5 39. Rf6 Qd5+ 40. e4 Qd4 41. Rxc6 Re7 42. Rc8+ Kg7 43. Qf2 Qxe4+ 44. Qf3 Qxf3+ 45. Kxf3 h5 46. Ke4 g5 47. Kf5 h4 48. Bh2 Kh6 49. Kf6 Rh7 50. e6 g4 51. Bf4+ {[%emt 0:00:09] Rh8} 1-0

[Event "ESTCC U65 2018"]
[Site "Walbrzych"]
[Date "2018.04.14"]
[Round "1"]
[White "Meskanen, Vesa"]
[Black "Ranki, Martti"]
[Result "1-0"]
[ECO "D43"]
[WhiteElo "2066"]
[BlackElo "1942"]
[Annotator "NA"]
[PlyCount "91"]
[EventDate "2018.??.??"]
[EventCountry "POL"]
[SourceTitle "playchess.com"]
[Source "ChessBase"]
[SourceQuality "1"]
[WhiteTeam "Finland"]
[BlackTeam "Finland"]
[WhiteTeamCountry "FIN"]
[BlackTeamCountry "FIN"]
[TimeControl "40/5400+30:1800+30"]

1. d4 d5 2. c4 c6 3. Nf3 Nf6 4. Nc3 e6 5. Bg5 Be7 6. e3 O-O 7. Qc2 Nbd7 8. Bd3 Re8 9. O-O a5 {[%emt 0:02:06] D61: Queen's Gambit Declined: Classical: 7 Qc2} (9... Nf8 10. Ne5 Ng6 11. f4 dxc4 12. Bxc4 Nd5 13. Bxe7 Qxe7 14. Rae1 Rf8 15. Ne4 Nh4 16. Ng5 Ng6 17. Nxg6 fxg6 18. Rf3 h6 19. Qxg6 hxg5 20. Bd3 Qf6 {1-0 (20) Leitao,R (2628)-Cohen Farias,P (2242) Belem 2015}) 10. c5 $146 ({Predecessor:} 10. Rad1 g6 11. Rfe1 dxc4 12. Bxc4 Nd5 13. Bxe7 Qxe7 14. e4 Nxc3 15. Qxc3 {1-0 (44) Matsuura,E (2441)-De Souza Haro,P (2273) Americana 2000}) 10... h6 11. Bh4 b6 12. cxb6 Nxb6 13. Ne5 Bb7 14. f4 Rc8 15. f5 exf5 16. Bxf5 Rc7 17. Rf3 Nc4 18. Raf1 Nd6 19. Bd3 Nfe4 20. Be1 Nf6 21. Na4 Rc8 22. Nc5 Ba8 23. Qa4 Nb7 24. Nxb7 Bxb7 25. Bxa5 Qd6 26. Bc3 (26. b4 $142) 26... Ra8 27. Qb3 Reb8 28. a3 c5 29. dxc5 Qxc5 30. Bd4 Qc7 31. Qd1 Bd6 32. Rxf6 gxf6 33. Ng4 Bc8 34. Nxf6+ Kf8 35. Qh5 Be6 $18 36. Qxh6+ Ke7 37. Qh4 Kf8 38. Qh6+ Ke7 39. Nh7 Be5 40. Qg5+ f6 41. Nxf6 Bxf6 42. Qxf6+ Kd7 43. Be5 Qc5 44. Qg7+ Qe7 45. Qxe7+ Kxe7 46. Bxb8 1-0

[Event "ESTCC U65 2018"]
[Site "Walbrzych"]
[Date "2018.04.14"]
[Round "1"]
[White "Koskinen, Veikko"]
[Black "Vucenovic, Dragomir"]
[Result "0-1"]
[ECO "A06"]
[WhiteElo "2012"]
[BlackElo "2248"]
[Annotator "NA"]
[PlyCount "110"]
[EventDate "2018.??.??"]
[EventCountry "POL"]
[SourceTitle "playchess.com"]
[Source "ChessBase"]
[SourceQuality "1"]
[WhiteTeam "Finland"]
[BlackTeam "Switzerland"]
[WhiteTeamCountry "FIN"]
[BlackTeamCountry "SUI"]
[TimeControl "40/5400+30:1800+30"]

1. Nf3 d5 2. g3 c6 3. Bg2 Bg4 4. d3 Nd7 5. O-O e5 6. Nbd2 Ngf6 7. h3 Bxf3 8. Bxf3 {[%emt 0:00:52] A07: Réti Opening: New York and Capablanca Systems} Be7 9. c4 (9. b3 O-O 10. Bb2 Re8 11. e4 d4 12. Bg2 a5 13. a4 Bb4 {½-½ (52) Jakovenko,D (2704)-Malakhov,V (2713) Doha 2016}) 9... d4 10. a3 a5 11. b3 O-O 12. Bb2 $146 ({Predecessor:} 12. Rb1 Nc5 13. Bb2 Nfd7 14. Qc2 {½-½ (56) Angelov,B (2023)-Turcu,I (2232) Belogradchik 2010}) 12... Re8 13. Re1 Qc7 14. Qc2 Rad8 15. Rac1 Bc5 16. Nf1 Nf8 17. Rb1 Ne6 18. Bc1 Qe7 19. Qb2 h6 20. b4 axb4 21. axb4 Ba7 22. Ra1 Bb8 23. b5 c5 24. Bg2 Ng5 25. h4 Ne6 26. Nh2 Nf8 27. Qc2 e4 28. dxe4 Nxe4 29. Qd3 Nd7 30. Ba3 Bd6 31. Bb2 f5 32. Nf3 $2 (32. e3 $1 $15) 32... f4 33. gxf4 $19 Bxf4 34. Bc1 Bb8 35. e3 dxe3 36. Bxe3 Ndf6 37. Qc2 Qf7 38. Rad1 Rxd1 39. Rxd1 Qe6 40. Rd3 Qg4 41. Qd1 Bc7 42. Kf1 Qf5 43. Kg1 Ng4 44. Rd5 Nxe3 45. fxe3 Qg4 46. Qd3 Qg3 47. Qc2 Nf6 48. Rd3 Ng4 49. Qe2 Ne5 50. Nxe5 Bxe5 51. Qf2 Qg6 52. Rd1 Rf8 53. Qd2 Qg3 54. Qd5+ Kh8 55. Qe4 Qh2# 0-1

[Event "ESTCC U65 2018"]
[Site "Walbrzych"]
[Date "2018.04.14"]
[Round "1"]
[White "Wademark, Helge"]
[Black "Jorgensen, Brian Jorgen"]
[Result "1/2-1/2"]
[ECO "B12"]
[WhiteElo "2005"]
[BlackElo "2255"]
[Annotator "NA"]
[PlyCount "96"]
[EventDate "2018.??.??"]
[EventCountry "POL"]
[SourceTitle "playchess.com"]
[Source "ChessBase"]
[SourceQuality "1"]
[WhiteTeam "Sweden"]
[BlackTeam "Denmark"]
[WhiteTeamCountry "SWE"]
[BlackTeamCountry "DEN"]
[TimeControl "40/5400+30:1800+30"]

1. e4 c6 2. d4 g6 3. c3 Bg7 4. Be3 d5 {[%emt 0:00:43] B06: Modern Defence} 5. Nd2 Nf6 6. Bd3 (6. e5 Ng4 7. Bf4 f6 8. Ngf3 O-O 9. exf6 exf6 10. Bd3 Re8+ 11. Kf1 Nh6 12. Qc2 {1-0 (22) Gergacz,A (2425)-Supancic,D (2354) Austria 2011}) 6... O-O 7. Ngf3 dxe4 8. Nxe4 Nxe4 9. Bxe4 Nd7 10. O-O $146 ({Predecessor:} 10. Qc2 Nf6 11. Bd3 Nd5 12. Bd2 {0-1 (33) Cardenas,I-Elias,B (1618) ICCF email 2009}) 10... Qc7 11. Bc2 Nf6 12. Qd2 Be6 13. Bf4 Qa5 14. Be5 Bd5 15. Qe2 b5 16. b3 (16. Rfe1 $14) 16... Qxc3 17. Bd3 Qa5 18. Rac1 Qb6 19. Rc2 a5 20. h3 a4 21. b4 a3 22. Nd2 Qd8 23. Nb3 Bxb3 24. axb3 Ra6 25. Ra1 Nd5 26. Bxg7 Kxg7 27. Qd2 Qd6 28. Rc5 Rd8 29. Be4 Qf4 $17 (29... Nf6 $19 {is more deadly.} 30. Bf3 e5) 30. Qxf4 Nxf4 31. Bxc6 Ne2+ 32. Kf1 Nxd4 33. Bxb5 Rb6 34. Bc4 Rxb4 35. Rxa3 Rdb8 36. Rc7 Kf6 37. Raa7 Re8 38. Rab7 Rxb7 39. Rxb7 Ra8 40. g3 Ra2 41. Rb6+ e6 42. Rb7 Nf3 43. Kg2 Ne1+ 44. Kf1 Nf3 45. Kg2 Nd2 46. Bd3 Ra3 47. Bc2 Ra2 48. Bd3 Ra3 1/2-1/2

[Event "ESTCC U65 2018"]
[Site "Walbrzych"]
[Date "2018.04.14"]
[Round "1"]
[White "Alkkiomaki, Jyrki"]
[Black "Vinke, Dietmar"]
[Result "0-1"]
[ECO "B14"]
[WhiteElo "1967"]
[BlackElo "2170"]
[Annotator "NA"]
[PlyCount "29"]
[EventDate "2018.??.??"]
[EventCountry "POL"]
[SourceTitle "playchess.com"]
[Source "ChessBase"]
[SourceQuality "1"]
[WhiteTeam "Finland"]
[BlackTeam "Finland"]
[WhiteTeamCountry "FIN"]
[BlackTeamCountry "FIN"]
[TimeControl "40/5400+30:1800+30"]

1. e4 c6 2. d4 d5 3. exd5 cxd5 4. c4 Nf6 5. Nc3 g6 6. Nf3 Bg7 7. Ne5 O-O 8. cxd5 Nxd5 9. Nxd5 Qxd5 10. Bc4 Qxg2 11. Qf3 Qxf3 12. Nxf3 Nc6 13. d5 Bg4 14. Be2 Nb4 15. Ng1 0-1

[Event "ESTCC U65 2018"]
[Site "Walbrzych"]
[Date "2018.04.14"]
[Round "1"]
[White "Tichatschke, Wolfgang"]
[Black "Baum, Bernd"]
[Result "1/2-1/2"]
[ECO "B32"]
[WhiteElo "1967"]
[BlackElo "2290"]
[Annotator "NA"]
[PlyCount "60"]
[EventDate "2018.??.??"]
[EventCountry "POL"]
[SourceTitle "playchess.com"]
[Source "ChessBase"]
[SourceQuality "1"]
[WhiteTeam "Germany"]
[BlackTeam "Germany"]
[WhiteTeamCountry "GER"]
[BlackTeamCountry "GER"]
[TimeControl "40/5400+30:1800+30"]

1. e4 c5 2. Nf3 Nc6 3. d4 cxd4 4. Nxd4 g6 5. Bc4 {[%emt 0:02:31] B34: Sicilian: Accelerated Dragon with 5 Nc3: sidelines} (5. c4 Nf6 6. Nc3 d6 7. Be2 Nxd4 8. Qxd4 Bg7 9. Be3 O-O 10. Qd2 a5 11. O-O a4 12. Bd4 Bd7 13. Qe3 Bc6 14. f4 Nd7 15. Rad1 Qa5 16. Bxg7 Kxg7 17. Nd5 Qc5 18. Qxc5 Nxc5 {½-½ (39) Kryvoruchko,Y (2689)-Mamedov,R (2709) Riadh 2017}) 5... Qa5+ 6. Nc3 Qc5 $146 ({Find the theoretical novelty and annotate with similar games:} 6... Bg7 7. Nde2 Nf6 8. O-O O-O 9. Be3 b5 10. Bb3 b4 11. Nd5 Nxe4 12. a3 Bxb2 {0-1 (34) Ivanovic,B (2490)-Rajkovic,D (2490) Borovo 1981}) 7. Nxc6 Qxc4 8. Ne5 Qc7 9. Nd3 Bg7 10. O-O d6 11. Nd5 Qd8 12. Qe2 e6 13. Nc3 Ne7 14. Bg5 O-O 15. Qd2 a6 16. Rad1 Qc7 17. Rfe1 Rd8 (17... Nc6 $11) 18. Qf4 e5 ({Better is} 18... b5 $14) 19. Qh4 Re8 20. Bxe7 Qxe7 21. Qxe7 Rxe7 22. Nd5 Bf8 23. Nxe7+ Bxe7 24. Nb4 Be6 25. Nd5 Bd8 26. b3 $18 Rc8 27. c4 Kf8 28. g3 h5 29. Kg2 Kg7 30. f4 f6 1/2-1/2